 Dungeon Crawl Stone Soup version 0.18-a0-1243-g9e52518 (webtiles) character file.

249 Foomius the Agent of Entropy (level 5, -2/41 HPs)
             Began as a Demonspawn Abyssal Knight on Feb 5, 2016.
             Was a Priest of Lugonu.
             Killed by a spatial distortion (4 damage)
             ... on level 4 of the Dungeon.
             The game lasted 00:17:40 (3980 turns).

Foomius the Agent of Entropy (DsAK)                 Turns: 3980, Time: 00:17:40

Health: -2/41      AC:  0    Str: 12      XL:     5   Next: 87%
Magic:  8/8        EV: 13    Int: 18      God:    Lugonu [***...]
Gold:   223        SH:  0    Dex: 15 (17) Spells: 0 memorised, 4 levels left

rFire  + + .     SeeInvis .     a - +1 falchion
rCold  . . .     Gourm    .     D - +2 chain mail {rF+}
rNeg   . . .     Faith    .     (no shield)
rPois  +         Spirit   .     p - +0 helmet {Int+3}
rElec  .         Dismiss  .     G - +0 cloak
rCorr  .         Reflect  .     (no gloves)
SustAt .         Harm     .     (no boots)
MR     .....                    (no amulet)
Stlth  ..........               s - +2 ring of evasion
                                k - ring of poison resistance

@: agile, corroded equipment, not resistant to hostile enchantments, extremely
unstealthy
A: fire resistance 1, powered by pain 1
a: Depart the Abyss, Bend Space, Banish, Renounce Religion


You were on level 4 of the Dungeon.
You worshipped Lugonu.
Lugonu was most pleased with you.
You were not hungry.

You visited 1 branch of the dungeon, and saw 4 of its levels.
You visited the Abyss 1 time.

You collected 223 gold pieces.

Inventory:

Hand Weapons
 a - a +1 falchion (weapon)
 b - a +2 rapier of speed
 I - a +0 hunting sling
Missiles
 h - 92 stones
 n - 8 curare-tipped needles
 r - 48 sling bullets
 x - 5 steel javelins (quivered)
 y - 13 poisoned needles
Armour
 p - a +0 helmet of intelligence (worn)
 D - a +2 chain mail of fire resistance (worn)
 G - a +0 cloak (worn)
Jewellery
 k - a ring of poison resistance (left hand)
 s - a +2 ring of evasion (right hand)
 F - an uncursed ring of flight
Scrolls
 d - 5 scrolls of remove curse
 e - a scroll of teleportation {unknown}
 f - 4 scrolls of identify
 g - a scroll of amnesia {unknown}
 o - a scroll of random uselessness {unknown}
 u - a scroll of noise {unknown}
 B - a scroll of enchant weapon {unknown}
 C - a scroll of fear {unknown}
Potions
 i - a potion of cancellation {unknown}
 j - 2 potions of lignification {unknown}
 l - 2 potions of curing {unknown}
 m - 4 potions of heal wounds
 q - a potion of agility {unknown}
 w - a potion of poison {unknown}
 z - a potion of flight {unknown}
 A - 2 potions of brilliance {unknown}
 E - a potion of magic {unknown}
 H - a potion of resistance
Comestibles
 c - 5 bread rations
 t - 2 meat rations
 v - 3 beef jerkies
 J - a chunk of flesh


   Skills:
 - Level 3.0 Fighting
 * Level 4.3 Long Blades
 - Level 1.7 Armour
 + Level 2.0 Dodging
 + Level 5.0 Invocations


You had 4 spell levels left.
You didn't know any spells.

Dungeon Overview and Level Annotations

Branches:
Dungeon (4/15)
 Temple: D:4-7

Altars:
Trog


Innate Abilities, Weirdness & Mutations

Your flesh is heat resistant.
You sometimes gain a little power by taking damage.


Message History

The jelly is almost dead.
The jelly closely misses you.
a - a +1 falchion (weapon)
You hit the jelly but do no damage. The acid corrodes you!
Your hands burn!
The jelly is almost dead.
The jelly hits you.
You are splashed with acid!
The acid burns!
You focus on the pain.
You feel agile all of a sudden. The jelly hits you.
* * * LOW HITPOINT WARNING * * *
You are splashed with acid!
The acid burns!
* * * LOW HITPOINT WARNING * * *
You focus on the pain.
You feel more agile all of a sudden.
You hit the jelly but do no damage.
Your hands burn!
* * * LOW HITPOINT WARNING * * *
The jelly is almost dead.
The jelly closely misses you. Space bends around you!
You blink.
You die...

##.#........ ##
#..#........ .#
#.##........ .###
###J.......... ...##
##..ยง##........
##..#
###...###........
##.# ###...###
#..#.#... #.##
#....## ##...#.#.
#..# ####.@###
##.##..#. ##.#
####....## #..##.##.
#.# #....##.#
##.....##. #.#
#.####..# #...#####.
#.####.# #.## ###..##
#. #..##..# #.#
##..#### ##....## #.#
##..... #........#
##.# #####......
#........#
#..########..........


You could see a jelly.

Vanquished Creatures
  A quasit (D:4)
  A hound (D:4)
  2 orc wizards (D:3)
  3 adders
  An ooze (D:4)
  3 worms (D:2)
  2 giant geckos
  9 orcs
  2 giant cockroaches (D:4)
  3 hobgoblins
  13 jackals
  5 kobolds
  3 quokkas
  10 bats
  4 giant newts
  9 goblins
  8 rats
79 creatures vanquished.

Notes
Turn   | Place    | Note
--------------------------------------------------------------
     0 | Abyss:1  | Foomius the Demonspawn Abyssal Knight began the quest for the Orb.
     0 | Abyss:1  | Reached XP level 1. HP: 18/18 MP: 2/2
     8 | Abyss:1  | Found an iron altar of Okawaru.
    31 | D:1      | Escaped the Abyss
    52 | D:1      | Noticed a minotaur skeleton
   551 | D:1      | Gained mutation: You sometimes gain a little power by taking damage. [demonic ancestry]
   551 | D:1      | Reached XP level 2. HP: 24/24 MP: 3/3
   932 | D:1      | Reached ** piety under Lugonu
  1334 | D:2      | Gained mutation: Your flesh is heat resistant. [demonic ancestry]
  1334 | D:2      | Reached XP level 3. HP: 29/29 MP: 5/5
  2173 | D:2      | Reached XP level 4. HP: 28/35 MP: 6/6
  2313 | D:3      | Reached skill level 4 in Invocations
  2347 | D:3      | Reached skill level 1 in Dodging
  2644 | D:3      | Reached *** piety under Lugonu
  2703 | D:3      | Reached XP level 5. HP: 24/41 MP: 8/8
  2865 | D:3      | Found a bloodstained altar of Trog.
  3392 | D:4      | Reached skill level 5 in Invocations
  3979 | D:4      | HP: 1/41 [acid (3)]
  3980 | D:4      | Killed by a spatial distortion

Vault maps used:
D:1:      shiori_arrival_whats_in_store_for_you
D:2:      first_bread, grunt_ministairs_12, minmay_item_behind_shaft
D:3:      lightli_temple_of_fire, hex_tiny
Abyss:1:  minivault_28

Action                   |  1- 3 |  4- 6 || total
-------------------------+-------+-------++-------
Melee: Falchion          |   136 |   132 ||   268
       Rapier            |       |    12 ||    12
 Fire: Hunting sling     |       |     3 ||     3
Throw: Stone             |    46 |     9 ||    55
       Javelin           |       |    23 ||    23
  Use: Scroll            |       |     2 ||     2
  Eat: Chunk             |     4 |     6 ||    10
